 Dungeon Crawl Stone Soup version 0.30-a0-777-ga9a30cbeda (webtiles) character file.

Game seed: 847531329229117847

174 Smoke131 the Chucker (level 5, 0/52 (53) HPs)
             Began as an Ogre Gladiator on Feb 14, 2023.
             Slain by a jelly (3 damage)
             ... on level 4 of the Dungeon.
             The game lasted 00:09:14 (2635 turns).

Smoke131 the Chucker (Ogre Gladiator)               Turns: 2635, Time: 00:09:15

HP:   0/52 (53)     AC:  0    Str: 17 (18) XL:     5   Next: 54%
MP:   5/5           EV: 10    Int:  6 (9)  God:
Gold: 126           SH:  0    Dex:  9 (12) Spells: 4/4 levels left

rFire   . . .      SeeInvis .    n - +1 dagger (venom)
rCold   . . .      Faith    .    (no shield)
rNeg    . . .      Spirit   .    b - +0 robe
rPois   .          Reflect  .    c - +1 hat
rElec   .          Harm     .    (no cloak)
rCorr   .          Rampage  .    (gloves unavailable)
Will    .....                    (boots unavailable)
Stlth   +                        (no amulet)
HPRegen 0.28/turn                (no ring)
MPRegen 0.09/turn                (no ring)

@: corroded, lightly drained
A: large, unfitting armour, tough skin 1
a: no special abilities


You were on level 4 of the Dungeon.
You visited 1 branch of the dungeon, and saw 4 of its levels.

You collected 126 gold pieces.

Inventory:

Hand Weapons
 a - a +0 war axe
 n - a +1 dagger of venom (weapon)
Missiles
 d - 3 throwing nets
 e - a large rock (quivered)
 h - 3 stones
Armour
 b - a +0 robe (worn)
 c - a +1 hat (worn)
Scrolls
 k - a scroll of identify
Potions
 f - a potion of might
 g - 5 potions of curing


   Skills:
 - Level 3.0 Fighting
 - Level 3.0(3.4) Axes
 - Level 2.3(3.0) Maces & Flails
 + Level 4.4 Throwing
 - Level 3.0 Dodging


You had 4 spell levels left.
You didn't know any spells.
Your spell library contained the following spells:

 Spells                   Type           Power      Damage    Failure   Level
 Necrotise                Necr           0%         1d4       45%         1
 Mephitic Cloud           Conj/Pois/Air  0%         N/A       83%         3
 Portal Projectile        Hex/Tloc       0%         N/A       83%         3
 Swiftness                Air            0%         N/A       83%         3
 Tukima's Dance           Hex            0%         N/A       83%         3
 Vhi's Electric Charge    Tloc/Air       0%         N/A       83%         3
 Cause Fear               Hex            0%         N/A       99%         4
 Arcjolt                  Conj/Air       0%         1d10      100%        5
 Blade Hands              Tmut           0%         N/A       100%        5
 Dragon Form              Tmut           0%         N/A       100%        7
 Infestation              Necr           0%         N/A       100%        8
 Maxwell's Capacitive Co  Air            0%         ∞         100%        8
 Dragon's Call            Summ           0%         N/A       100%        9


Dungeon Overview and Level Annotations

Branches:
Dungeon (4/15)
 Temple: D:4-7

Altars:

Shops:
D:1 =   D:2 =   D:3 [


Innate Abilities, Weirdness & Mutations

You are too large for most types of armour.
You have tough skin. (AC +1)


Message History

Found 3 stones.
You see here 3 stones.
h - 3 stones
Found a stone staircase leading down.
A jelly comes into view.
The jelly quivers.
The jelly hits you but does no damage.
The orc priest shouts!
You hit the jelly.
Your hands burn!
The jelly is lightly wounded.
You hear a shout!
The jelly jiggles.
The jelly hits you but does no damage.
The orc priest casts a cantrip, but nothing happens.
You hit the jelly.
Your hands burn!
The jelly is moderately wounded.
The jelly completely misses you.
You hit the jelly.
Your hands burn!
The jelly is moderately wounded.
The jelly hits you but does no damage. The jelly misses you.
The jelly attacks as you move away! The jelly hits you.
You are splashed with acid!
The jelly attacks as you move away! The jelly hits you but does no damage.
The orc priest casts a cantrip, but nothing happens.
The jelly jiggles.
The jelly attacks as you move away! The jelly hits you. The acid corrodes you!
You are splashed with acid!
The jelly attacks as you move away! The jelly hits you.
You are splashed with acid!
The orc priest begins to cast a cantrip, but forgets the words!
You barely miss the jelly.
The jelly is moderately wounded.
The jelly hits you.
You are splashed with acid!
The jelly attacks as you move away! The jelly barely misses you.
The orc priest mumbles some strange prayers to Beogh against you.
Beogh smites you!
* * * LOW HITPOINT WARNING * * *
The jelly attacks as you move away! The jelly hits you.
You die...

#.###.#.##########.#
#+# #.# #.# . #o#
#.# .. #.# #.# ...
#.# #.# .... #.# #.#
...## #.# #.#
#o##########.##
#..o.....J@...#
###############


You could see a jelly and an orc priest.

Vanquished Creatures
  A necrophage (D:2)
  An adder (D:3)
  3 worms (D:2)
  3 dart slugs
  7 ball pythons
  11 endoplasms
  5 giant cockroaches (D:1)
  12 hobgoblins
  7 jackals
  3 quokkas
  4 bats
  3 frilled lizards
  6 goblins
  A kobold (D:1)
  11 rats
78 creatures vanquished.

Vanquished Creatures (others)
  8 plants (D:3)
8 creatures vanquished.

Grand Total: 86 creatures vanquished

Notes
Turn   | Place    | Note
-------+----------+-------------------------------------------
     0 | D:1      | Smoke131 the Ogre Gladiator began the quest for the Orb.
     0 | D:1      | Reached XP level 1. HP: 22/22 MP: 1/1
     1 | D:1      | Found a runed translucent door.
    17 | D:1      | Reached XP level 2. HP: 26/29 MP: 2/2
   129 | D:1      | Reached skill level 1 in Maces & Flails
   135 | D:1      | Reached XP level 3. HP: 34/37 MP: 3/3
   187 | D:1      | Got the Elucidation of Aeromancy and Despicable Magic
   499 | D:1      | Found Qyvitox's Jewellery Emporium.
   938 | D:2      | Noticed a necrophage
   972 | D:2      | Reached skill level 3 in Throwing
   972 | D:2      | Reached XP level 4. HP: 37/45 MP: 4/4
  1220 | D:2      | Found Mosmen's Jewellery Emporium.
  1275 | D:2      | Killed a necrophage
  1276 | D:2      | Reached skill level 4 in Throwing
  1276 | D:2      | Reached XP level 5. HP: 36/50 MP: 5/5
  1984 | D:3      | Found Oceje's Antique Armour Emporium.
  2635 | D:4      | Slain by a jelly

Illustrated notes

Levels and vault maps discovered:
D:1:      dpeg_arrival_caged_fury, layout_basic, serial_shops,
          nicolae_shop_advertising_works [nicolae_subvault_shop_adworks]
D:2:      layout_basic, serial_shops, shop_fountains,
          chequers_serial_rivers_small_3
D:3:      wander_river, layout_basic, serial_shops, shop,
          grunt_decor_one_mirror, serial_bayou_lagoon_b
D:4:      minmay_door_path, layout_basic, st_stairs_8

Skill      XL: |  1  2  3  4 |
---------------+-------------+-----
Fighting       | 3 |  3.0
Dodging        | 3 |  3.0
Maces & Flails | 1 2 |  2.3
Throwing       | 3 4 |  4.4
Axes           | |  3.0

Action                     |  1- 3 |  4- 6 || total
---------------------------+-------+-------++-------
  Melee: War axe           |   121 |    21 ||   142
         Dagger            |       |    97 ||    97
  Throw: Large rock        |       |     1 ||     1
    Use: Potion            |       |     5 ||     5
         Scroll            |       |     6 ||     6
   Stab: Sleeping          |     2 |       ||     2
 Armour: Robe              |    45 |    44 ||    89
  Dodge: Dodged            |    70 |    76 ||   146

Table legend: (Time is in decaauts)
 A = Elapsed time spent in this place.
 B = Non-inter-level travel time spent in this place.
 C = Inter-level travel time spent in this place.
 D = Time resting spent in this place.
 E = Time spent auto-exploring this place.
 F = Levels seen in this place.
 G = Mean time per level.
                   A        B        C        D        E       F      G
               +--------+--------+--------+--------+--------+-----+--------+
         Total |   2686 |   2569 |    117 |     63 |   1535 |   4 |  671.5 |
       Dungeon |   2686 |   2569 |    117 |     63 |   1535 |   4 |  671.5 |
               +--------+--------+--------+--------+--------+-----+--------+

Top non-repeatable levels by time:
     D:3: 1054 daAuts
     D:1: 821 daAuts
     D:2: 707 daAuts
     D:4: 103 daAuts
